 Dungeon Crawl Stone Soup version 0.30.1-9-gdf580d7c3d (webtiles) character file.

Game seed: 11224712160474741612

2842 Ninjinzu the Reanimator (level 9, -2/59 HPs)
             Began as a Demonspawn Necromancer on Sept 27, 2023.
             Was an Initiate of Makhleb.
             Slain by a yak (9 damage)
             ... on level 10 of the Dungeon.
             The game lasted 00:33:23 (6853 turns).

Ninjinzu the Reanimator (Demonspawn Necromancer)    Turns: 6853, Time: 00:33:26

Health: -2/59      AC:  7    Str:  8    XL:     9   Next: 46%
Magic:  16/21      EV: 13    Int: 26    God:    Makhleb [......]
Gold:   368        SH:  0    Dex: 13    Spells: 8/24 levels left

rFire   . . .        x - +0 hand axe (flame)
rCold   . . .        (no shield)
rNeg    . . .        a - +1 robe
rPois   .            (no helmet)
rElec   .            (no cloak)
rCorr   .            (no gloves)
SInv    .            (no boots)
Will    .....        (no amulet)
Stlth   ++           k - ring of wizardry
HPRegen 0.29/turn    r - +4 ring of protection
MPRegen 0.17/turn

%: wizardry (x1)
@: on berserk cooldown, slowed, very slow
A: claws 1, spiny 1, big brain 2, demonic magic 1
a: Renounce Religion


You were on level 10 of the Dungeon.
You worshipped Makhleb.
Makhleb was noncommittal.
You visited 2 branches of the dungeon, and saw 9 of its levels.

You collected 368 gold pieces.

Inventory:

Hand Weapons
 q - a +0 scythe
 x - a +0 hand axe of flaming (weapon)
Armour
 a - a +1 robe (worn)
Jewellery
 k - a ring of wizardry (left claw)
 r - a +4 ring of protection (right claw)
Wands
 C - a wand of paralysis (20)
 D - a wand of flame (9) (quivered)
Scrolls
 c - 3 scrolls of poison
 d - 2 scrolls of identify
 f - 3 scrolls of enchant armour
 h - 3 scrolls of immolation {unknown}
 m - a scroll of noise {unknown}
 p - 2 scrolls of amnesia {unknown}
 u - 2 scrolls of blinking {unknown}
 v - a scroll of fog {unknown}
 w - a scroll of vulnerability {unknown}
 B - 2 scrolls of teleportation {unknown}
 E - a scroll of butterflies {unknown}
Potions
 b - a potion of magic
 e - a potion of cancellation {unknown}
 g - 2 potions of lignification {unknown}
 i - 4 potions of curing {unknown}
 j - 2 potions of mutation {unknown}
 l - 2 potions of flight
 n - 2 potions of brilliance
 o - 2 potions of berserk rage
 s - 2 potions of might {unknown}
 t - 2 potions of attraction {unknown}
 z - a potion of haste {unknown}
 A - a potion of heal wounds {unknown}
 F - 2 potions of degeneration {unknown}


   Skills:
 + Level 1.1 Fighting
 + Level 3.4 Dodging
 + Level 3.0 Stealth
 + Level 0.1 Unarmed Combat
 + Level 8.4 Spellcasting
 + Level 10.1 Necromancy
 + Level 1.9 Evocations


You had 8 spell levels left.
You knew the following spells:

 Your Spells              Type           Power      Damage    Failure   Level
a - Necrotise             Necr           100%       1d9       1%          1
b - Vampiric Draining     Necr           59%        2d10      1%          3
c - Agony                 Necr           59%        N/A       1%          5
d - Summon Hydra          Summ           5%         N/A       100%        7

Your spell library contained the following spells:

 Spells                   Type           Power      Damage    Failure   Level
 Sublimation of Blood     Necr           59%        N/A       1%          2
 Animate Dead             Necr           59%        N/A       1%          4
 Freeze                   Ice            40%        1d6       2%          1
 Magic Dart               Conj           40%        1d5       2%          1
 Slow                     Hex            40%        N/A       2%          1
 Blink                    Tloc           20%        N/A       3%          2
 Call Imp                 Summ           20%        N/A       3%          2
 Wereblood                Tmut           10%        N/A       3%          2
 Confusing Touch          Hex            10%        N/A       6%          3
 Mephitic Cloud           Conj/Pois/Air  10%        N/A       6%          3
 Ice Form                 Ice/Tmut       10%        N/A       21%         4
 Manifold Assault         Tloc           10%        N/A       21%         4
 Summon Ice Beast         Ice/Summ       10%        N/A       21%         4
 Storm Form               Tmut/Air       5%         N/A       100%        7


Dungeon Overview and Level Annotations

Branches:
Dungeon (10/15)            Temple (1/1) D:7
   Lair: D:8-11         Orc: D:9-12

Altars:
Ashenzari
Cheibriados
Dithmenos
Fedhas
Gozag
Kikubaaqudgha
Makhleb
Nemelex Xobeh
Okawaru
Vehumet
Wu Jian
Xom
Yredelemnul

Annotations:
D:4 Grinder


Innate Abilities, Weirdness & Mutations

You have sharp fingernails.
You are partially covered in sharp spines.
You have an extremely huge brain. (Int +4)
Spells you cast may paralyse adjacent enemies.


Message History

Makhleb accepts your kill. Malevolent energies surge around you.
The dead are walking!
The yak is no longer paralysed.
The yak gores you. The yak closely misses you.
The yak is struck by your spines. The yak misses you.
Your Stealth skill increases to level 3!
Found a leather armour.
The yak misses you. The yak attacks as you move away!
The yak completely misses you.
Your yak skeleton gores the yak.
Casting: Necrotise (safe; 1% risk of failure)
Confirm with . or Enter, or press ? or * to list all spells.
Aiming: Necrotise (safe; 1% risk of failure)
Press: ? - help, Shift-Dir - straight line, f - yak
Aim: a yak (lightly wounded, ally target, chance to affect: 83%)
The yak writhes in agony.
Malevolent energies surge around you.
Your yak skeleton gores the yak but does no damage.
The yak gores you!
* * * LOW HITPOINT WARNING * * *
A red film seems to cover your vision as you go berserk!
You feel yourself moving faster!
You feel mighty! The yak closely misses you. The yak is struck by your spines.
The yak barely misses you. The yak is struck by your spines. The yak gores you.
* * * LOW HITPOINT WARNING * * *
You are too berserk!
Found a mace.
You feel a strong urge to attack something.
You feel your anger nearly subside.
You are no longer berserk.
You are exhausted.
You feel yourself slow down. The yak attacks as you move away!
The yak is struck by your spines. The yak closely misses you.
Your yak skeleton gores the yak!
The yak gores you but does no damage.
There is a stone staircase leading up here.
You can't go down here!
The yak is struck by your spines. The yak barely misses you.
The yak is struck by your spines. The yak closely misses you.
Your yak skeleton completely misses the yak.
The yak gores you.
* * * LOW HITPOINT WARNING * * *
The yak is struck by your spines. The yak gores you!
You die...

.... ..... .....
.....################
........................
........................
........................
.......@Y...............
.......YYZ..............
........................
........................
........................
.....[..............<...
........................
.......................?
.....###################


You could see 3 yaks and a friendly yak skeleton.

Vanquished Creatures
  A troll (D:6)
  Sigmund (D:2)
  Eustachio (D:6)
  A yak (D:10)
  A steam dragon (D:7)
  Duvessa (D:4)
  2 sky beasts
  A black bear (D:6)
  2 ice beasts
  4 bullfrogs
  5 scorpions
  Dowan (D:4)
  A howler monkey (D:5)
  2 hounds
  2 jellies (D:5)
  5 orc priests
  Ijyb (D:4)
  Natasha (twice) (D:2)
  3 iguanas
  2 orc wizards
  4 gnolls (D:5)
  7 adders
  3 worms
  3 dart slugs
  15 orcs
  6 bats
  5 endoplasms
  2 giant cockroaches (D:2)
  6 goblins
  8 hobgoblins
  2 jackals (D:2)
  A quokka (D:2)
  6 ball pythons
  3 frilled lizards
  6 rats
116 creatures vanquished.

Vanquished Creatures (collateral kills)
  An orc warrior (D:6)
  An ogre (D:6)
  A worm (D:2)
  A dart slug (D:2)
  A giant cockroach (D:1)
  A jackal (D:2)
  2 rats (D:2)
8 creatures vanquished.

Grand Total: 124 creatures vanquished

Notes
Turn   | Place    | Note
-------+----------+-------------------------------------------
     0 | D:1      | Ninjinzu the Demonspawn Necromancer began the quest for the
                  | Orb.
     0 | D:1      | Reached XP level 1. HP: 13/13 MP: 3/3
   506 | D:1      | Gained mutation: Spells you cast may paralyse adjacent
                  | enemies. [demonic ancestry]
   506 | D:1      | Reached XP level 2. HP: 19/19 MP: 0/5
   844 | D:1      | Found a faded altar of an unknown god.
  1110 | D:2      | Reached skill level 5 in Necromancy
  1296 | D:2      | Reached XP level 3. HP: 7/24 MP: 0/6
  1462 | D:2      | Learned a level 3 spell: Vampiric Draining
  1658 | D:2      | Noticed Sigmund
  1674 | D:2      | Killed Sigmund
  1675 | D:2      | Gained mutation: You are partially covered in sharp spines.
                  | [demonic ancestry]
  1675 | D:2      | Reached XP level 4. HP: 17/30 MP: 1/9
  1675 | D:2      | Gained mutation: You have an unusually large brain. (Int
                  | +2) [demonic ancestry]
  1675 | D:2      | Reached XP level 5. HP: 20/35 MP: 1/10
  1829 | D:2      | Noticed Natasha
  1832 | D:2      | Killed Natasha
  2117 | D:2      | Noticed Natasha
  2125 | D:2      | Killed Natasha
  2126 | D:2      | Reached skill level 6 in Necromancy
  2126 | D:2      | Reached XP level 6. HP: 41/41 MP: 6/12
  3129 | D:4      | Noticed Dowan
  3129 | D:4      | Noticed Duvessa
  3154 | D:4      | Killed Duvessa
  3162 | D:4      | Killed Dowan
  3266 | D:4      | Reached skill level 5 in Spellcasting
  3363 | D:4      | Noticed Ijyb
  3368 | D:4      | Killed Ijyb
  3369 | D:4      | Gained mutation: You have sharp fingernails. [demonic
                  | ancestry]
  3369 | D:4      | Reached XP level 7. HP: 47/47 MP: 8/14
  3476 | D:4      | Noticed Grinder
  3494 | D:4      | Paralysed by Grinder for 4 turns
  3523 | D:5      | Entered Level 5 of the Dungeon
  3630 | D:5      | Reached skill level 7 in Necromancy
  4423 | D:5      | Reached XP level 8. HP: 53/53 MP: 10/17
  4722 | D:6      | Noticed Eustachio
  4729 | D:6      | Killed Eustachio
  4730 | D:6      | Reached skill level 8 in Necromancy
  4730 | D:6      | Reached skill level 1 in Evocations
  4904 | D:6      | Noticed a troll
  4918 | D:6      | Killed a troll
  5006 | D:6      | Reached skill level 9 in Necromancy
  5064 | D:6      | Reached skill level 1 in Fighting
  5390 | D:6      | Gained mutation: You have an extremely huge brain. (Int +4)
                  | [demonic ancestry]
  5390 | D:6      | Reached XP level 9. HP: 59/59 MP: 15/20
  6364 | D:7      | Learned a level 5 spell: Agony
  6372 | D:7      | Learned a level 7 spell: Summon Hydra
  6468 | D:7      | Found a staircase to the Ecumenical Temple.
  6557 | Temple   | Entered the Ecumenical Temple
  6557 | Temple   | Found a transporter.
  6557 | Temple   | Found a transporter.
  6559 | Temple   | Found a transporter.
  6559 | Temple   | Found a transporter.
  6676 | Temple   | Became a worshipper of Makhleb the Destroyer
  6813 | D:7      | Reached skill level 10 in Necromancy
  6825 | D:7      | Got Sif Muna's Almanac of the Winter
  6832 | D:7      | You fall into a shaft and drop 3 floors!
  6832 | D:10     | Entered Level 10 of the Dungeon
  6853 | D:10     | Slain by a yak

Illustrated notes

Levels and vault maps discovered:
D:1:      tekkud_arrival_beachfront_property, layout_basic,
          ebering_ecumenical_altar_hall, chequers_serial_rivers_micro_a,
          minmay_misc_feat_nine_boxes, minmay_misc_feat_rows,
          columned_hall_lemuel, minmay_pentomino_v2
D:2:      layout_basic, grunt_decor_resistance, serial_bayou_pond_e,
          minmay_quantized, uniq_sigmund, uniq_natasha
D:3:      layout_loops_ring
D:4:      layout_basic, serial_shops, shop, uniq_duvessa, uniq_grinder,
          uniq_ijyb
D:5:      layout_loops_ring
D:6:      layout_layer_cave, grunt_decor_clamped, supply_closet_lemuel,
          uniq_eustachio
D:7:      layout_rooms, minmay_temple_entry_junction
D:10:     layout_cross, lair_entry_dummy, serial_shops, nicolae_shop_mannequins,
          kennysheep_just_a_vault
Temple:   hellmonk_temple_divided_pantheon

Skill      XL: |  1  2  3  4  5  6  7  8  9 |
---------------+----------------------------+-----
Necromancy     | 5 6 7 9 10 | 10.1
Dodging        | 2 3 |  3.4
Stealth        | 2 3 |  3.0
Spellcasting   | 3 4 5 6 7 8 |  8.4
Evocations     | 1 |  1.9
Fighting       | 1 |  1.1
Unarmed Combat | |  0.1

Action                     |  1- 3 |  4- 6 |  7- 9 || total
---------------------------+-------+-------+-------++-------
  Melee: Unarmed           |    10 |       |       ||    10
         Halberd           |       |     3 |       ||     3
         Hand axe          |       |     1 |     6 ||     7
   Cast: Necrotise         |    76 |    72 |   153 ||   301
         Vampiric Draining |       |     2 |     1 ||     3
         Agony             |       |       |     1 ||     1
  Evoke: Wand              |       |       |    38 ||    38
    Use: Potion            |       |     1 |     1 ||     2
         Scroll            |       |       |     6 ||     6
   Stab: Paralysed         |     1 |       |       ||     1
 Armour: Robe              |    12 |     4 |    19 ||    35
  Dodge: Dodged            |    33 |    13 |    47 ||    93
